 Seeded DCSS version 0.31-a0-544-gceb718ecc6 (webtiles) character file.

Game seed: 3826825538972431165 (custom seed)

424 innerfire43 the Ruffian (level 6, -4/47 HPs)
             Began as a Gnoll Shapeshifter on Aug 15, 2023.
             Killed from afar by Dowan (10 damage)
             ... with a stone arrow
             ... on level 4 of the Dungeon.
             The game lasted 00:03:37 (2182 turns).

innerfire43 the Ruffian (Gnoll Shapeshifter)        Turns: 2182, Time: 00:03:37

Health: -4/47      AC: 11    Str: 15    XL:     6   Next: 96%
Magic:  9/9        EV: 12    Int:  7    God:
Gold:   279        SH:  0    Dex: 14    Spells: 9/9 levels left

rFire   . .          .
                       - Unarmed
rCold   . . .        (shield currently unavailable)
rNeg    . . .        l - +0 ring mail
rPois   .            r - +0 helmet
rElec   .            (no cloak)
rCorr   .            (no gloves)
SInv    .            e - +3 pair of seven-league boots {Rampage+∞}
Will    .....        (no amulet)
Stlth   +            (no ring)
HPRegen 0.27/turn    (no ring)
MPRegen 0.11/turn

%: rampage+∞
@: flux-form, glowing
A: glow, contaminating, fangs 1, strong nose, distributed training, shaggy fur
1, teleportitis 1
a: Begin Untransformation


You were on level 4 of the Dungeon.
You were something dangerously unstable.
You visited 1 branch of the dungeon, and saw 4 of its levels.

You collected 279 gold pieces.

Inventory:

Armour
 a - a +0 animal skin
 e - the +3 pair of seven-league boots (worn) {Rampage+∞}
   (You acquired it on level 1 of the Dungeon)

   Rampage+∞: When moving toward enemies, its wearer moves as far as possible,
   alerting their target en route.
 l - a +0 ring mail (worn)
 r - a +0 helmet (worn)
Jewellery
 o - a ring of protection from cold
 u - a ring of see invisible
Talismans
 c - a beast talisman
 d - a flux talisman (active)
Scrolls
 f - 2 scrolls of vulnerability {unknown}
 g - a scroll of amnesia {unknown}
 h - a scroll of brand weapon {unknown}
 j - 2 scrolls of identify {unknown}
 k - 4 scrolls of noise {unknown}
 q - a scroll of torment {unknown}
 t - 2 scrolls of enchant armour {unknown}
Potions
 b - a potion of lignification
 i - a potion of mutation
 n - a potion of enlightenment {unknown}
 p - a potion of brilliance {unknown}
 s - a potion of cancellation {unknown}
 v - a potion of invisibility {unknown}


   Skills:
 + Level 3.4 Fighting
 + Level 2.2 Short Blades
 + Level 2.2 Long Blades
 + Level 2.2 Axes
 + Level 2.2 Maces & Flails
 + Level 2.2 Polearms
 + Level 2.2 Staves
 + Level 2.2 Ranged Weapons
 + Level 2.2 Throwing
 + Level 2.2 Armour
 + Level 5.1 Dodging
 + Level 2.2 Stealth
 + Level 2.2 Shields
 + Level 6.9 Unarmed Combat
 + Level 2.2 Spellcasting
 + Level 1.8 Conjurations
 + Level 1.8 Hexes
 + Level 1.8 Summonings
 + Level 1.8 Necromancy
 + Level 1.8 Translocations
 + Level 1.8 Transmutations
 + Level 1.8 Fire Magic
 + Level 1.8 Ice Magic
 + Level 1.8 Air Magic
 + Level 1.8 Earth Magic
 + Level 1.8 Poison Magic
 + Level 2.4 Invocations
 + Level 2.2 Evocations
 + Level 6.8 Shapeshifting


You had 9 spell levels left.
You didn't know any spells.
Your spell library was empty.

Dungeon Overview and Level Annotations

Branches:
Dungeon (4/15)
 Temple: D:4-7

Altars:

Annotations:
D:4 Dowan


Innate Abilities, Weirdness & Mutations

You are something dangerously unstable.
You glow with magical radiation, making you easy to see and hit.
Foes you strike become dangerously contaminated with magical radiation.
You are incapable of wielding weapons or throwing items.
You have very sharp teeth.
Your uncanny sense of smell can sniff out nearby items.
Your experience applies equally to all skills.
You are covered in fur. (AC +1)
You are occasionally teleported next to monsters.


Message History

The orc priest invokes the aid of Beogh against you.
Beogh smites you!
* * * LOW HITPOINT WARNING * * *
Duvessa closely misses you.
It was a potion of mutation.
You feel extremely strange. Fur sprouts all over your body.
You feel weirdly uncertain. Duvessa misses you.
It was a potion of curing.
You feel better. Duvessa hits you with a +0 short sword.
* * * LOW HITPOINT WARNING * * *
You feel better. Duvessa hits you but does no damage.
You hit Duvessa.
Duvessa begins to glow.
Duvessa is severely wounded.
Duvessa hits you with a +0 short sword.
* * * LOW HITPOINT WARNING * * *
You hit Duvessa.
Duvessa glows dangerously bright.
Duvessa is almost dead.
Duvessa barely misses you.
You hit Duvessa.
Duvessa shudders as magic cascades through her!!
You kill Duvessa!
Dowan seems overcome with grief.
Dowan seems to find hidden reserves of power!
Unknown command.
You stride towards the orc!
You hit the orc.
The orc begins to glow.
You bite the orc, but do no damage.
The orc is heavily wounded.
The orc misses you.
You hit the orc.
The orc glows dangerously bright.
The orc is almost dead.
The orc hits you but does no damage.
You barely miss the orc.
The orc is almost dead.
The orc hits you with a +0 mace.
* * * LOW HITPOINT WARNING * * *
You hit the orc.
You kill the orc!
Dowan gestures at you while chanting. The stone arrow hits you!
You die...

....... ..§.... .......
......o >...... .......###
#.... .........# #....
.......#e########## ##....
....o..#o)B....)..## #.....
.......##########..###.....
......# ##......... .....#
######..##.... ###..
#.......>...). #..
...#####.#####. ∆ #..# #.
#..## #. )..# #.


You could see Dowan (fast) and an orc priest.

Vanquished Creatures
  Duvessa (D:4)
  2 orc priests
  Jessica (D:2)
  2 iguanas (D:4)
  Robin (D:2)
  5 adders
  4 gnolls (D:3)
  A worm (D:3)
  A dart slug (D:1)
  9 orcs
  9 endoplasms
  3 giant cockroaches (D:1)
  14 goblins
  7 hobgoblins
  2 jackals (D:2)
  4 kobolds
  2 quokkas
  4 ball pythons
  4 bats
  4 frilled lizards
  6 rats
86 creatures vanquished.

Notes
Turn   | Place    | Note
-------+----------+-------------------------------------------
     0 | D:1      | innerfire43 the Gnoll Shapeshifter began the quest for the
                  | Orb.
     0 | D:1      | Reached XP level 1. HP: 17/17 MP: 1/1
    62 | D:1      | Identified a scroll of acquirement
    62 | D:1      | Acquired the +3 pair of seven-league boots {Rampage+∞}
    62 | D:1      | Found the +3 pair of seven-league boots {Rampage+∞}
   179 | D:1      | Reached XP level 2. HP: 20/23 MP: 2/2
   411 | D:1      | Reached XP level 3. HP: 28/28 MP: 3/3
   897 | D:2      | Reached skill level 1 in Invocations
   955 | D:2      | Reached skill level 1 in Short Blades
   955 | D:2      | Reached skill level 1 in Long Blades
   955 | D:2      | Reached skill level 1 in Axes
   955 | D:2      | Reached skill level 1 in Maces & Flails
   955 | D:2      | Reached skill level 1 in Polearms
   955 | D:2      | Reached skill level 1 in Staves
   955 | D:2      | Reached skill level 1 in Ranged Weapons
   955 | D:2      | Reached skill level 1 in Throwing
   955 | D:2      | Reached skill level 1 in Armour
   955 | D:2      | Reached skill level 1 in Stealth
   955 | D:2      | Reached skill level 1 in Shields
   955 | D:2      | Reached skill level 1 in Spellcasting
   955 | D:2      | Reached skill level 1 in Evocations
   984 | D:2      | Reached XP level 4. HP: 32/34 MP: 5/5
  1006 | D:2      | Noticed Robin
  1041 | D:2      | Killed Robin
  1042 | D:2      | Reached skill level 1 in Conjurations
  1042 | D:2      | Reached skill level 1 in Hexes
  1042 | D:2      | Reached skill level 1 in Summonings
  1042 | D:2      | Reached skill level 1 in Necromancy
  1042 | D:2      | Reached skill level 1 in Translocations
  1042 | D:2      | Reached skill level 1 in Transmutations
  1042 | D:2      | Reached skill level 1 in Fire Magic
  1042 | D:2      | Reached skill level 1 in Ice Magic
  1042 | D:2      | Reached skill level 1 in Air Magic
  1042 | D:2      | Reached skill level 1 in Earth Magic
  1042 | D:2      | Reached skill level 1 in Poison Magic
  1262 | D:2      | Noticed Jessica
  1267 | D:2      | Killed Jessica
  1268 | D:2      | Reached XP level 5. HP: 38/40 MP: 5/7
  1919 | D:3      | Reached XP level 6. HP: 46/47 MP: 8/8
  2088 | D:4      | Reached skill level 5 in Dodging
  2145 | D:4      | Noticed Duvessa
  2145 | D:4      | Noticed Dowan
  2172 | D:4      | HP: 1/47 [orc priest/divine providence (12)]
  2173 | D:4      | Gained mutation: You are covered in fur. (AC +1) [potion of
                  | mutation]
  2173 | D:4      | Gained mutation: You are occasionally teleported next to
                  | monsters. [potion of mutation]
  2178 | D:4      | Killed Duvessa
  2182 | D:4      | Killed from afar by Dowan

Illustrated notes

Levels and vault maps discovered:
D:1:      roderic_crop_circles_arrival_large, layout_basic
D:2:      layout_basic, minmay_distorted, uniq_robin, uniq_jessica
D:3:      layout_basic, minivault_24, minmay_box_of_dots
D:4:      layout_rooms, nicolae_qazlal_eye_of_the_storm,
          mainiacjoe_overflow_chevrons, minmay_temple_entry_statues_fountains,
          gup_ossuary_entry_pyramid, nicolae_elevator_lobby_asterisk,
          uniq_grinder, uniq_eustachio, uniq_pikel, uniq_duvessa

Skill      XL: |  1  2  3  4  5  6 |
---------------+-------------------+-----
Invocations    | 1 2 |  2.4
Short Blades   | 1 2 |  2.2
Long Blades    | 1 2 |  2.2
Axes           | 1 2 |  2.2
Maces & Flails | 1 2 |  2.2
Polearms       | 1 2 |  2.2
Staves         | 1 2 |  2.2
Ranged Weapons | 1 2 |  2.2
Throwing       | 1 2 |  2.2
Armour         | 1 2 |  2.2
Stealth        | 1 2 |  2.2
Shields        | 1 2 |  2.2
Spellcasting   | 1 2 |  2.2
Evocations     | 1 2 |  2.2
Conjurations   | 1 |  1.8
Hexes          | 1 |  1.8
Summonings     | 1 |  1.8
Necromancy     | 1 |  1.8
Translocations | 1 |  1.8
Transmutations | 1 |  1.8
Fire Magic     | 1 |  1.8
Ice Magic      | 1 |  1.8
Air Magic      | 1 |  1.8
Earth Magic    | 1 |  1.8
Poison Magic   | 1 |  1.8
Fighting       | 3 |  3.4
Dodging        | 5 |  5.1
Unarmed Combat | |  6.9
Shapeshifting  | |  6.8

Action                     |  1- 3 |  4- 6 || total
---------------------------+-------+-------++-------
  Melee: Unarmed           |    73 |   192 ||   265
         Bite              |     5 |    20 ||    25
    Use: Scroll            |     1 |       ||     1
         Potion            |       |     3 ||     3
 Armour: Animal skin       |    19 |       ||    19
         Ring mail         |    11 |    78 ||    89
  Dodge: Dodged            |    41 |   110 ||   151
   Form: Flux              |     1 |       ||     1

Table legend: (Time is in decaauts)
 A = Elapsed time spent in this place.
 B = Non-inter-level travel time spent in this place.
 C = Inter-level travel time spent in this place.
 D = Time resting spent in this place.
 E = Time spent auto-exploring this place.
 F = Levels seen in this place.
 G = Mean time per level.
                   A        B        C        D        E       F      G
               +--------+--------+--------+--------+--------+-----+--------+
         Total |   2149 |   2072 |     77 |      0 |   1599 |   4 |  537.2 |
       Dungeon |   2149 |   2072 |     77 |      0 |   1599 |   4 |  537.2 |
               +--------+--------+--------+--------+--------+-----+--------+

Top non-repeatable levels by time:
     D:1: 739 daAuts
     D:2: 660 daAuts
     D:3: 617 daAuts
     D:4: 132 daAuts
